 Dungeon Crawl Stone Soup version 0.24.0-2-g5b39cebb1c (webtiles) character file.

Game seed: 4177873923631533025, levelgen mode: deterministic

401 Esekla the Cutter (level 6, -11/48 HPs)
             Began as a Demigod Enchanter on Oct 29, 2019.
             Mangled by a mummy (20 damage)
             ... on level 5 of the Dungeon.
             The game lasted 00:25:29 (4009 turns).

Esekla the Cutter (Demigod Enchanter)               Turns: 4009, Time: 00:25:29

Health: -11/48     AC:  3    Str: 11    XL:     6   Next: 28%
Magic:  8/13       EV: 14    Int: 21    God:
Gold:   171        SH:  0    Dex: 18    Spells: 3/10 levels left

rFire    . . .     SeeInvis .   q - +4 dagger
rCold    . . .     Gourm    +   (no shield)
rNeg     . . .     Faith    .   b - +0 robe
rPois    .         Spirit   .   n - +0 helmet
rElec    .         Reflect  .   (no cloak)
rCorr    .         Harm     .   (no gloves)
MR       .....                  (no boots)
Stlth    ++........             g - amulet of the gourmand
HPRegen  0.16/turn              (no ring)
MPRegen  0.13/turn              (no ring)

@: no status effects
A: high mp 1
a: no special abilities


You were on level 5 of the Dungeon.
You were not hungry.

You visited 1 branch of the dungeon, and saw 5 of its levels.

You collected 171 gold pieces.

Inventory:

Hand Weapons
 a - a +1 dagger
 q - a +4 dagger (weapon)
Armour
 b - a +0 robe (worn)
 n - a +0 helmet (worn)
Jewellery
 g - an amulet of the gourmand (around neck)
Scrolls
 c - a scroll of noise
 e - 5 scrolls of remove curse
 f - 2 scrolls of amnesia
 j - a scroll of random uselessness
 m - 3 scrolls of identify
 o - a scroll of magic mapping
Potions
 h - a potion of curing
 i - 2 potions of flight
 k - 3 potions of might
 l - a potion of heal wounds
 p - a potion of haste
Comestibles
 d - 6 rations


   Skills:
 + Level 2.2 Fighting
 + Level 3.4 Short Blades
 + Level 3.1 Dodging
 - Level 2.6 Stealth
 * Level 2.7 Spellcasting
 * Level 2.0 Conjurations
 + Level 3.0 Hexes


You had 3 spell levels left.
You knew the following spells:

 Your Spells              Type           Power        Failure   Level  Hunger
a - Corona                Hex            ###....      4%          1    None
b - Tukima's Dance        Hex            ###.....     12%         3    ###....
d - Dazzling Spray        Conj/Hex       ##....       14%         3    ###....

Your spell library contained the following spells:

 Spells                   Type           Power        Failure   Level  Hunger
 Ensorcelled Hibernation  Hex/Ice        #.....       11%         2    ##.....
 Confuse                  Hex            ###.....     12%         3    ###....


Dungeon Overview and Level Annotations

Branches:
Dungeon (5/15)             Temple (0/1) D:5

Portals:
Ossuary: D:5


Innate Abilities, Weirdness & Mutations

You have an increased reservoir of magic. (+10% MP)


Message History

Aiming: Dazzling Spray (safe; 14% risk of failure)
Press: ? - help, Shift-Dir - straight line, f - hound, p - scorpion
Aim: a hound The spray of energy hits the hound.
The hound is moderately wounded.
The spray of energy hits the scorpion but does no damage.
The scorpion is almost dead.
The scorpion is dazzled.
The spray of energy hits the mummy.
The mummy is almost destroyed.
The hound barely misses you. The scorpion closely misses you.
The mummy barely misses you.
You barely miss the scorpion.
The scorpion is almost dead.
The hound barely misses you. The scorpion misses you. The hound misses you.
You hit the scorpion but do no damage.
The scorpion is almost dead.
The scorpion barely misses you. The hound bites you.
* * * LOW HITPOINT WARNING * * *
The mummy hits you!!
You die...

**,*,,,,,,,,,,,,,,*
,,,,,,,,,....,,,#.#
**,*,,,,,....,,*#.####
,,,,,,,,,,...,**#....*
,,,,,,,,,,,..##,+...,*
***,,,**,*,,#.###..,,*
,,+,,,**,,,*#..##.+#**
***,,,**,,###..s#..########******
,,+,,,+,,*#∩'..h@..........,,,,,,
***,,,**,,###..M#......##**,*****
*********,,*#..##......# *,*
,,,,,,,***,,#.###......# *,*
,,,,,,,* **..##.'......# *,*
,,,,,,,* ##.,###......# *.#****
,,,,,,,* #.,,*#......# *.#*,.,
,,,,,,,* #.,,,#......# ##.##.#,
,,,,,,,* ##,....####.###.....*,


You could see a mummy, a scorpion (blind) and a hound.

Vanquished Creatures
  A phantom (D:4)
  A crimson imp (D:5)
  Jessica (D:2)
  Terence (D:2)
  An iguana (D:5)
  An orc wizard (D:3)
  A worker ant (D:5)
  A howler monkey skeleton (D:4)
  2 adders
  4 oozes
  3 worms (D:2)
  3 dart slugs (D:1)
  4 leopard geckos
  2 orcs (D:3)
  7 giant cockroaches
  8 goblins
  9 hobgoblins
  6 jackals
  2 quokkas (D:2)
  A ball python (D:3)
  9 bats
  3 frilled lizards (D:2)
  9 kobolds
  A kobold zombie (D:5)
  A quokka zombie (D:5)
  13 rats
95 creatures vanquished.

Notes
Turn   | Place    | Note
-------+----------+-------------------------------------------
     0 | D:1      | Esekla the Demigod Enchanter began the quest for the Orb.
     0 | D:1      | Reached XP level 1. HP: 14/14 MP: 5/5
   202 | D:1      | Reached skill level 1 in Short Blades
   468 | D:1      | Reached skill level 1 in Fighting
   476 | D:1      | Reached XP level 2. HP: 22/23 MP: 7/7
   922 | D:1      | Reached XP level 3. HP: 27/28 MP: 6/8
   928 | D:1      | Learned a level 3 spell: Dazzling Spray
   957 | D:1      | Found a sparkling altar of Nemelex Xobeh.
  1431 | D:2      | Noticed Terence
  1635 | D:2      | Found a faded altar of an unknown god.
  1655 | D:2      | Reached XP level 4. HP: 24/36 MP: 6/9
  1772 | D:3      | Found a glowing golden altar of the Shining One.
  1911 | D:3      | Found a radiant altar of Vehumet.
  2092 | D:2      | Noticed Jessica
  2100 | D:2      | Killed Jessica
  2158 | D:2      | Killed Terence
  2158 | D:2      | Reached skill level 1 in Conjurations
  2369 | D:2      | Reached XP level 5. HP: 17/41 MP: 5/11
  2836 | D:3      | HP: 2/41 [something (6)]
  3214 | D:4      | Noticed a phantom
  3292 | D:4      | HP: 2/41 [phantom (6)]
  3638 | D:4      | Learned a level 3 spell: Tukima's Dance
  3665 | D:4      | Killed a phantom
  3894 | D:5      | Entered Level 5 of the Dungeon
  3897 | D:5      | Found a staircase to the Ecumenical Temple.
  3901 | D:5      | Reached XP level 6. HP: 48/48 MP: 12/12
  3981 | D:5      | Found a sand-covered staircase.
  4009 | D:5      | Mangled by a mummy

Levels and vault maps discovered:
D:1:      dpeg_cavernosity, layout_loops_ring, nemelex_xobeh_ov_fountains_minmay
D:2:      layout_basic, first_ration, chequers_ecumenical_altar_island,
          kennysheep_jessica_study, uniq_terence
D:3:      layout_basic, vehumet_crystals, tso_metal_star,
          minmay_misc_feat_ornament
D:4:      layout_basic, ashenzari_conservatory_becter, uniq_sigmund
D:5:      layout_basic, minmay_temple_entry_sparse_star,
          nicolae_ossuary_entry_giza, lightli_corner_chamber

Skill      XL: |  1  2  3  4  5  6 |
---------------+-------------------+-----
Short Blades   | 1 2 3 |  3.4
Fighting       | 1 2 |  2.2
Dodging        | 2 3 |  3.1
Spellcasting   | 2 |  2.7
Conjurations   | 1 2 |  2.0
Hexes          | 3 |  3.0
Stealth        | |  2.6

Action                   |  1- 3 |  4- 6 || total
-------------------------+-------+-------++-------
Melee: Dagger            |   171 |   230 ||   401
 Cast: Corona            |     5 |       ||     5
       Dazzling Spray    |     6 |    17 ||    23
  Use: Scroll            |       |    10 ||    10
       Potion            |       |     2 ||     2
 Stab: Sleeping          |    10 |     6 ||    16
       Invisible         |     2 |     5 ||     7
  Eat: Chunk             |     3 |     7 ||    10
       Ration            |       |     1 ||     1
Armor: Robe              |    32 |    28 ||    60
Dodge: Dodged            |    98 |   137 ||   235
